AoeStats
← Yuklennnnnn

Arena

507082040Analyzed
3v3 RM · 16d ago on Sep 16, 2026· 60m 57s· 6 players
Game mode
Random Map
Map size
Normal (6 player)
Population
200
Speed
Normal
Resources
Standard
Victory
Conquest
Starting age
Dark Age
Ending age
Imperial Age
RankedLock teamsTeams togetherTeam positionsShared explorationLock speedFull tech treeHidden civsTurbo modeCheats
Victory
Defeat
🇺🇸 Japanese · United States
712
+6
🇦🇹 Huns · Austria
640
+8
🇺🇸 Spanish · United States
557
+11
🇪🇸 Teutons · Spain
589
-12
🇹🇷 Spanish · Türkiye
405
-7
🇬🇧 Inca · United Kingdom
376
-6
Leggy Mountbatten
0:30 Loom
11:28 Feudal Age
11:50 Horse Collar
12:01 Gold Mining
15:38 Double-Bit Axe
15:44 Stone Mining
19:33 Castle Age
18:44 Double-Bit Axe
18:51 Stone Mining
21:34 Heavy Plow
22:35 Forging
24:28 Arson
29:05 Stone Shaft Mining
30:12 Caravan
31:11 Squires
30:32 Pikeman
Vanillasainza
15:30 Feudal Age
16:04 Loom
16:05 Horse Collar
16:14 Double-Bit Axe
19:55 Gold Mining
23:23 Castle Age
22:58 Stone Mining
25:55 Pikeman
28:07 Wheelbarrow
29:38 Bow Saw
30:09 Heavy Plow
32:42 Fletching
40:41 Imperial Age
40:45 Fortified Wall
40:56 Ballistics
40:50 Bodkin Arrow
44:03 Squires
Yuklennnnnn
12:14 Feudal Age
12:42 Double-Bit Axe
12:40 Horse Collar
13:45 Wheelbarrow
23:30 Castle Age
22:09 Stone Mining
27:52 Bow Saw
27:46 Heavy Plow
31:16 Inquisition
33:46 Hand Cart
49:18 Imperial Age
53:52 Supremacy
54:08 Hoardings
57:32 Gold Mining
59:47 Elite Conquistador
Muki__ManCity__
12:52 Feudal Age
13:00 Feudal Age
14:40 Double-Bit Axe
14:54 Gold Mining
16:24 Stone Mining
19:18 Castle Age
18:09 Horse Collar
19:25 Forging
19:55 Scale Mail Armor
20:40 Scale Barding Armor
21:26 Bow Saw
22:14 Coinage
25:06 Caravan
25:23 Heavy Plow
26:19 Man-at-Arms
27:54 Long Swordsman
28:35 Town Watch
29:26 Wheelbarrow
28:37 Loom
28:29 Pikeman
29:10 Squires
28:56 Arson
30:32 Hand Cart
30:17 Town Patrol
36:09 Imperial Age
34:53 Murder Holes
35:09 Masonry
36:15 Cavalier
36:56 Husbandry
37:37 Iron Casting
37:18 Chain Mail Armor
37:24 Chain Barding Armor
37:36 Banking
37:17 Guilds
37:33 Conscription
36:37 Two-Handed Swordsman
39:50 Two-Man Saw
40:30 Blast Furnace
39:49 Halberdier
41:16 Gold Shaft Mining
41:22 Paladin
Cypress Fever
0:27 Loom
14:15 Feudal Age
14:58 Horse Collar
15:58 Double-Bit Axe
20:18 Wheelbarrow
21:44 Stone Mining
21:44 Gold Mining
25:25 Castle Age
23:03 Man-at-Arms
23:31 Arson
28:33 Hand Cart
28:12 Long Swordsman
28:38 Gambesons
28:54 Squires
37:16 Heavy Plow
41:12 Imperial Age
41:20 Gold Shaft Mining
41:19 Bow Saw
49:44 Two-Handed Swordsman
49:46 Pikeman
Schneckenhof
4:54 Loom
13:58 Feudal Age
14:47 Town Watch
15:37 Horse Collar
15:55 Double-Bit Axe
18:25 Wheelbarrow
20:17 Wheelbarrow
23:35 Castle Age
22:53 Wheelbarrow
22:33 Man-at-Arms
24:03 Wheelbarrow
23:57 Fletching
24:45 Bow Saw
24:55 Heavy Plow
26:29 Town Patrol
27:10 Caravan
28:01 Gold Mining
28:14 Stone Mining
31:25 Bodkin Arrow
32:56 Scale Barding Armor
33:19 Forging
34:33 Ballistics
36:17 Hand Cart
39:13 Chain Barding Armor
38:54 Scale Mail Armor
38:56 Padded Archer Armor
43:50 Imperial Age
43:11 Herbal Medicine
43:39 Redemption
43:43 Fortified Wall
43:30 Murder Holes
43:46 Masonry
43:27 Guard Tower
44:28 Inquisition
44:04 Long Swordsman
44:06 Pikeman
44:33 Gambesons
44:36 Arson
45:31 Plate Barding Armor
45:12 Chain Mail Armor
45:33 Iron Casting
44:59 Bracer
45:14 Leather Archer Armor
46:08 Chemistry
44:55 Arrowslits
46:29 Stone Shaft Mining
45:29 Elite Conquistador
46:30 Conscription
46:36 Supremacy
46:52 Hoardings
46:45 Thumb Ring
48:11 Theocracy
48:33 Plate Mail Armor
51:24 Halberdier
54:04 Illumination
54:08 Block Printing
56:43 Two-Handed Swordsman
58:03 Squires
60:22 Two-Man Saw
60:00 Coinage
60:27 Bombard Tower
Connection lost

Rejoining the realm…

Still unreachable

The connection could not be restored.

Session expired

The server has moved on; the page needs a fresh start.